 Dungeon Crawl Stone Soup version 0.32-a0-975-g85d4e5bfdb (webtiles) character file.

Game seed: 10887971936824832776

59 ezpacito the Chopper (level 4, 0/35 HPs)
             Began as a Coglin Chaos Knight on Apr 19, 2024.
             Was a Plaything of Xom.
             Slain by Crazy Yiuf
             ... wielding a +4 quarterstaff of chaos
              (8 damage)
             ... on level 2 of the Dungeon.
             The game lasted 00:01:52 (1207 turns).

ezpacito the Chopper (Coglin Chaos Knight)          Turns: 1207, Time: 00:01:53

Health: 0/35       AC:  9    Str: 15    XL:     4   Next: 3%
Magic:  1/4        EV:  6    Int: 11    God:    Xom [..*...]
Gold:   39         SH:  0    Dex: 13    Spells: 4/4 levels left

rFire   . . .        a - +0 hand axe (chaos) {Ntombi}
rCold   . . .        l - +2 club (spect) {Solveig}
rNeg    . . .        g - +0 chain mail
rPois   .            f - +0 helmet
rElec   .            (no cloak)
rCorr   .            (no gloves)
SInv    .            (no boots)
Will    .....        (amulet unavailable) Stlth
                     (ring unavailable)
HPRegen 0.25/turn    (ring unavailable)
MPRegen 0.09/turn    (no gizmo)

%: no passive effects
@: attractive, revved
A: off-hand wielding, slow wielding, warmup strikes, no jewellery
a: Invent Gizmo, Renounce Religion


You were on level 2 of the Dungeon.
You worshipped Xom.
You were a toy of Xom.
You visited 1 branch of the dungeon, and saw 2 of its levels.

You collected 39 gold pieces.

Inventory:

Hand Weapons
 a - a +0 hand axe of chaos (weapon) {Ntombi}
 l - a +2 spectral club (offhand) {Solveig}
Missiles
 e - 5 curare-tipped darts (quivered)
Armour
 f - a +0 helmet (worn)
 g - a +0 chain mail (worn)
Scrolls
 c - a scroll of butterflies
 h - a scroll of amnesia {unknown}
 i - a scroll of identify {unknown}
 j - a scroll of immolation {unknown}
Potions
 b - a potion of attraction
 k - a potion of lignification {unknown}


   Skills:
 * Level 3.3 Fighting
 * Level 3.3(3.4) Axes
 * Level 0.6(2.0) Polearms
 * Level 2.3 Armour
 * Level 1.4 Dodging
 + Level 0.5 Stealth
 + Level 0.6 Spellcasting


You had 4 spell levels left.
You didn't know any spells.
Your spell library was empty.

Dungeon Overview and Level Annotations

Branches:
Dungeon (2/15)

Altars:

Shops:
D:2 *(=:

Annotations:
D:2 Crazy Yiuf


Innate Abilities, Weirdness & Mutations

You can wield a second weapon in your off-hand.
It takes a long time for you to wield or remove held weapons.
Your first few attacks do less damage.
You cannot equip rings or amulets.


Message History

You see here a +0 club.
You see here a +0 hammer.
Found six hammers and a translucent hammer.
Found a runed translucent door.
You see here a +0 hammer.
Crazy Yiuf shouts!
You see here a +0 hammer.
You see here a +0 hammer.
You see here a +0 hammer.
You open the door.
You hit Crazy Yiuf with your +0 hand axe of chaos.
You freeze Crazy Yiuf.
Crazy Yiuf is lightly wounded.
You closely miss Crazy Yiuf with your +2 spectral club.
Crazy Yiuf hits you with a +4 quarterstaff of chaos.
Crazy Yiuf burns you.
Crazy Yiuf hits you with a +4 quarterstaff of chaos!
You feel your power leaking away.
You take 12 damage, and have 16/35 hp.
MASSIVE DAMAGE!!
You now have 1/4 mp.
You barely miss Crazy Yiuf with your +2 spectral club.
Crazy Yiuf is lightly wounded.
You hit Crazy Yiuf but do no damage. Crazy Yiuf closely misses you.
You hit Crazy Yiuf with your +0 hand axe of chaos.
Crazy Yiuf suddenly seems more resistant.
Crazy Yiuf is heavily wounded.
You barely miss Crazy Yiuf with your +2 spectral club.
Crazy Yiuf closely misses you.
You hit Crazy Yiuf with your +2 spectral club.
Crazy Yiuf is severely wounded.
You hit Crazy Yiuf but do no damage.
Crazy Yiuf hits you with a +4 quarterstaff of chaos!
* * * LOW HITPOINT WARNING * * *
Crazy Yiuf freezes you.
* * * LOW HITPOINT WARNING * * *
You take 8 damage, and have 8/35 hp.
MASSIVE DAMAGE!!
It was a potion of attraction.
You feel attractive to monsters.
Xom thinks this is hilarious!
Crazy Yiuf hits you with a +4 quarterstaff of chaos!
You die...

#.......# #.......#
#.......# #.......#
### ####.......#
#)))### ##..........#
#.))g@####...........#
#)))##))#)P.....))...#
### ###)#)......#####
#######.#.# ###.# ###
#.# ... ###.### #..
#.....# #... #.≈≈≈.#


You could see Crazy Yiuf (resistant).

Vanquished Creatures
  Jessica (D:2)
  An adder (D:2)
  A dart slug (D:2)
  4 ball pythons
  3 goblins
  4 hobgoblins
  A quokka (D:1)
  3 bats
  A frilled lizard (D:1)
  2 kobolds (D:1)
  2 rats (D:2)
23 creatures vanquished.

Notes
Turn   | Place    | Note
-------+----------+-------------------------------------------
     0 | D:1      | ezpacito the Coglin Chaos Knight began the quest for the
                  | Orb.
     0 | D:1      | Reached XP level 1. HP: 18/18 MP: 1/1
   207 | D:1      | Reached skill level 1 in Dodging
   212 | D:1      | Reached XP level 2. HP: 24/24 MP: 2/2
   359 | D:1      | XOM: silly message
   456 | D:1      | XOM: silly message
   495 | D:1      | XOM: silly message
   632 | D:1      | XOM: noise
   938 | D:2      | Found Niarokim's General Store.
   938 | D:2      | XOM: stealth player
   944 | D:2      | Reached XP level 3. HP: 24/29 MP: 3/3
  1036 | D:2      | Found Hejauf's Antique Weapon Shop.
  1074 | D:2      | Found Mioselil's Book Shop.
  1121 | D:2      | Found Gusihykoll's Jewellery Emporium.
  1123 | D:2      | XOM: noise
  1170 | D:2      | Noticed Jessica
  1175 | D:2      | Killed Jessica
  1176 | D:2      | Reached XP level 4. HP: 22/35 MP: 4/4
  1198 | D:2      | Found a runed translucent door.
  1199 | D:2      | Noticed Crazy Yiuf
  1207 | D:2      | Slain by Crazy Yiuf

Illustrated notes

Levels and vault maps discovered:
D:1:      spicycebolla_arrival_ecumenical, layout_basic
D:2:      layout_rooms, serial_shops, nicolae_square_shop,
          nicolae_book_shop_shelving, nicolae_shop_pleasant_corner_grove, shop,
          minmay_crystal_room, grunt_ministairs_5,
          corexii_item_surrounded_by_moat, uniq_crazy_yiuf_cottage, uniq_jessica

Skill      XL: |  1  2 |
---------------+-------+-----
Dodging        | 1 |  1.4
Armour         | 2 |  2.3
Fighting       | |  3.3
Axes           | |  3.3
Polearms       | |  0.6
Stealth        | |  0.5
Spellcasting   | |  0.6

Action                     |  1- 3 |  4- 6 || total
---------------------------+-------+-------++-------
  Melee: Hand axe          |    58 |     4 ||    62
         Dagger            |    55 |       ||    55
         Club              |       |     4 ||     4
    Use: Potion            |       |     1 ||     1
 Armour: Leather armour    |    20 |       ||    20
         Chain mail        |    26 |     4 ||    30
  Dodge: Dodged            |    23 |     2 ||    25

Table legend: (Time is in decaauts)
 A = Elapsed time spent in this place.
 B = Non-inter-level travel time spent in this place.
 C = Inter-level travel time spent in this place.
 D = Time resting spent in this place.
 E = Time spent auto-exploring this place.
 F = Levels seen in this place.
 G = Mean time per level.
                   A        B        C        D        E       F      G
               +--------+--------+--------+--------+--------+-----+--------+
         Total |   1212 |   1183 |     29 |      0 |    992 |   2 |  606.0 |
       Dungeon |   1212 |   1183 |     29 |      0 |    992 |   2 |  606.0 |
               +--------+--------+--------+--------+--------+-----+--------+

Top non-repeatable levels by time:
     D:1: 941 daAuts
     D:2: 271 daAuts
